 Dungeon Sprint DCSS version 0.21-a0-278-ga722497 (webtiles) character file.

6736 potatolord6000 the Cleaver (level 11, -14/110 HPs)
             Began as a Hill Orc Fighter on Sept 20, 2017.
             Was the Champion of Beogh.
             Demolished by a spiny frog (16 damage)
             ... in the Dungeon (Sprint VII: "The Pits").
             The game lasted 00:05:01 (1337 turns).

potatolord6000 the Cleaver (Hill Orc Fighter)       Turns: 1337, Time: 00:05:02

Health: -14/110    AC: 17    Str: 26    XL:     11   Next: 4%
Magic:  21/21      EV:  7    Int:  8    God:    Beogh [******]
Gold:   0          SH: 14    Dex: 13    Spells: 10/10 levels left

rFire    . . .     SeeInvis .   v - +1 broad axe (freeze)
rCold    . . .     Gourm    .   c - +0 shield
rNeg     . . .     Faith    .   r - +2 plate armour
rPois    .         Spirit   .   (no helmet)
rElec    .         Reflect  .   (no cloak)
rCorr    .         Harm     .   (no gloves)
MR       .....     NoTele   +   (no boots)
Stlth    ..........             (no amulet)
HPRegen  0.28/turn              b - +3 ring of strength
MPRegen  0.17/turn              d - +3 ring of dexterity

@: no status effects
A: walk on water
a: Smiting, Recall Orcish Followers, Give Item to Named Follower, Resurrection,
Renounce Religion


You were in the Dungeon.
You worshipped Beogh.
Beogh was exalted by your worship.
You were not hungry.

You visited 1 branch

Inventory:

Hand Weapons
 v - a +1 broad axe of freezing (weapon)
Armour
 c - a +0 shield (worn)
 r - a +2 plate armour (worn)
Jewellery
 b - a +3 ring of strength (left hand)
 d - a +3 ring of dexterity (right hand)
Scrolls
 k - a scroll of blinking
 m - 3 scrolls of remove curse
 n - 5 scrolls of amnesia
 o - a scroll of summoning
Potions
 e - 3 potions of curing
 g - 2 potions of heal wounds
 h - 2 potions of brilliance
 i - 3 potions of magic
 j - 3 potions of berserk rage
 l - 2 potions of invisibility
 s - 2 potions of haste
 t - a potion of resistance
 u - a potion of might
Comestibles
 f - 8 bread rations
 p - 40 fruits
 q - 6 meat rations


   Skills:
 + Level 14.0 Fighting
 + Level 14.8 Axes
 + Level 13.0 Armour
 + Level 13.0 Shields
 + Level 14.5 Invocations


You had 10 spell levels left.
You didn't know any spells.

Dungeon Overview and Level Annotations

Branches:
Dungeon (1/1)

Altars:
Ashenzari
Cheibriados
Dithmenos
Elyvilon
Fedhas
Gozag
Hepliaklqana
Kikubaaqudgha
Makhleb
Nemelex Xobeh
Okawaru
Qazlal
Ru
Sif Muna
Trog
Uskayaw
Vehumet
Wu Jian
Xom
Yredelemnul
Zin
The Shining One
Beogh
Jiyva
Lugonu


Message History

Beogh accepts your kill.
Your Fighting skill increases to level 14!
Your Shields skill increases to level 13!
You barely miss the spiny frog.
The spiny frog is no longer moving slowly.
The spiny frog stings you but does no damage.
You see here a trident.
You block the blink frog's attack.
Unknown command.
Unknown command.
You hit the spiny frog. You freeze the spiny frog.
The spiny frog is moderately wounded.
You closely miss the blink frog. You block the spiny frog's attack.
You block the blink frog's attack.
The spiny frog stings you but does no damage.
You barely miss the spiny frog.
The spiny frog is moderately wounded.
You slash the blink frog! You freeze the blink frog.
You block the blink frog's attack. The spiny frog stings you!
You die...

#..##..##.##.....
#..##.##...##...# #
#..####.....##.##.#
#...##......#.§.#.#
#....').....+...'.
#...##......#...#
#..####.....##.##
#..##.##...##..F##
#..##..##.##...F@#..
#..#
#..#)#.........#
#..# #.†††[.###...##
#### ######## #####


You could see a spiny frog and a blink frog.

Vanquished Creatures
  Erolcha (D)
  A vampire mage (D)
  A sea snake (D)
  A flayed ghost (D)
  A deep troll (D)
  A phantasmal warrior (D)
  A manticore (D)
  A smoke demon (D)
  A red devil (D)
  A polar bear (D)
  5 blink frogs (D)
  A ynoxinul (D)
  A wraith (D)
  2 fire bats (D)
  A basilisk (D)
  A warg (D)
  A floating eye (D)
  Purgy (D)
  A porcupine (D)
  A black bear (D)
  A sky beast (D)
  An ogre (D)
  A wolf (D)
  3 oozes (D)
  A leopard gecko (D)
  An orc (D)
  A goblin (D)
  3 hobgoblins (D)
  3 jackals (D)
  3 ball pythons (D)
  3 bats (D)
  A kobold (D)
47 creatures vanquished.

Vanquished Creatures (collateral kills)
  A blink frog (D)
  A hell rat (D)
2 creatures vanquished.

Vanquished Creatures (others)
  An orc knight (D)
  An orc wizard (D)
2 creatures vanquished.

Grand Total: 51 creatures vanquished

Notes
Turn   | Place    | Note
-------+----------+-------------------------------------------
     0 | D        | potatolord6000 the Hill Orc Fighter began the quest for the Orb.
     0 | D        | Reached XP level 1. HP: 19/19 MP: 1/1
    49 | D        | Found a bloodstained altar of Trog.
    49 | D        | Found a deep blue altar of Sif Muna.
    49 | D        | Found a viscous altar of Jiyva.
    49 | D        | Found a hazy altar of Hepliaklqana.
    49 | D        | Found an opulent altar of Gozag.
    50 | D        | Found a glowing golden altar of the Shining One.
    50 | D        | Found a glowing silver altar of Zin.
    50 | D        | Found a basalt altar of Yredelemnul.
    50 | D        | Found a shimmering altar of Xom.
    50 | D        | Found an ornate altar of the Wu Jian Council.
    50 | D        | Found a sacrificial altar of Ru.
    50 | D        | Found a stormy altar of Qazlal.
    50 | D        | Found an iron altar of Okawaru.
    50 | D        | Found a sparkling altar of Nemelex Xobeh.
    50 | D        | Found a burning altar of Makhleb.
    50 | D        | Found a blossoming altar of Fedhas.
    50 | D        | Found a white marble altar of Elyvilon.
    50 | D        | Found a shadowy altar of Dithmenos.
    50 | D        | Found a snail-covered altar of Cheibriados.
    53 | D        | Found a corrupted altar of Lugonu.
    53 | D        | Found a radiant altar of Vehumet.
    53 | D        | Found a roughly hewn altar of Beogh.
    55 | D        | Found a shattered altar of Ashenzari.
    55 | D        | Found an ancient bone altar of Kikubaaqudgha.
    55 | D        | Found a hide-covered altar of Uskayaw.
    62 | D        | Became a worshipper of Beogh the Brigand
    91 | D        | Reached skill level 1 in Invocations
    91 | D        | Reached XP level 2. HP: 19/27 MP: 2/2
    94 | D        | Reached * piety under Beogh
   225 | D        | Reached ** piety under Beogh
   310 | D        | Noticed a floating eye
   322 | D        | Paralysed by a floating eye for 2 turns
   324 | D        | Killed a floating eye
   324 | D        | Reached *** piety under Beogh
   324 | D        | Reached skill level 5 in Armour
   324 | D        | Reached skill level 5 in Shields
   324 | D        | Reached skill level 5 in Invocations
   324 | D        | Reached XP level 3. HP: 34/37 MP: 3/6
   324 | D        | Reached XP level 4. HP: 41/44 MP: 3/7
   324 | D        | Reached XP level 5. HP: 46/50 MP: 3/8
   369 | D        | Noticed an ogre
   370 | D        | Noticed Purgy
   371 | D        | Noticed a fire bat
   381 | D        | Killed an ogre
   391 | D        | Killed a fire bat
   391 | D        | Reached **** piety under Beogh
   391 | D        | Reached XP level 6. HP: 17/61 MP: 9/11
   392 | D        | Killed Purgy
   392 | D        | Reached XP level 7. HP: 19/69 MP: 9/13
   409 | D        | Noticed a sea snake
   422 | D        | Killed a sea snake
   422 | D        | Reached skill level 10 in Fighting
   422 | D        | Reached skill level 10 in Axes
   422 | D        | Reached skill level 10 in Invocations
   422 | D        | Reached XP level 8. HP: 34/79 MP: 11/15
   434 | D        | Reached ***** piety under Beogh
   440 | D        | Noticed a phantasmal warrior
   440 | D        | Noticed a polar bear
   445 | D        | Killed a phantasmal warrior
   445 | D        | Reached skill level 10 in Armour
   445 | D        | Reached skill level 10 in Shields
   448 | D        | Killed a polar bear
   448 | D        | Reached XP level 9. HP: 43/89 MP: 9/17
   729 | D        | Noticed a flayed ghost
   729 | D        | Noticed Erolcha
   729 | D        | Noticed a deep troll
   733 | D        | Killed a flayed ghost
   738 | D        | Killed Erolcha
   738 | D        | Reached XP level 10. HP: 39/99 MP: 16/19
   749 | D        | Gained Bogbarth as an ally
   754 | D        | HP: 5/100 [deep troll (12)]
   757 | D        | Killed a deep troll
  1018 | D        | Noticed a smoke demon
  1018 | D        | Noticed a manticore
  1027 | D        | Your ally Bogbarth died
  1032 | D        | Killed a smoke demon
  1039 | D        | Killed a manticore
  1291 | D        | Noticed a vampire mage
  1304 | D        | Reached ****** piety under Beogh
  1319 | D        | Noticed a phantasmal warrior
  1319 | D        | Killed a vampire mage
  1323 | D        | Noticed a spiny frog
  1332 | D        | HP: 1/102 [spiny frog (16)]
  1333 | D        | Reached XP level 11. HP: 1/108 MP: 21/21
  1337 | D        | Demolished by a spiny frog

Vault maps used:
D:        pitsprint

Skill      XL: |  1  2  3  4  5  6  7  8  9 10 11 |
---------------+----------------------------------+-----
Axes           | 3 6 8 10 11 13 14 | 14.8
Fighting       | 4 6 8 10 11 12 13 14 | 14.0
Armour         | 4 5 7 9 10 11 13 | 13.0
Invocations    | 1 5 7 8 10 11 12 14 | 14.5
Shields        | 5 7 9 10 11 12 13 | 13.0

Action                   |  1- 3 |  4- 6 |  7- 9 | 10-12 || total
-------------------------+-------+-------+-------+-------++-------
Melee: War axe           |    52 |    18 |    24 |       ||    94
       Broad axe         |       |       |     8 |    62 ||    70
Invok: Smiting           |       |       |     8 |     6 ||    14
  Use: Potion            |       |     2 |     8 |     2 ||    12
 Stab: Distracted        |       |       |     1 |       ||     1
  Eat: Meat ration       |       |       |     1 |       ||     1
Armor: Scale mail        |    20 |       |       |       ||    20
       Plate armour      |     2 |    21 |    28 |    55 ||   106
Dodge: Dodged            |    21 |     8 |     9 |    17 ||    55
Block: Shield            |    30 |    15 |    21 |    51 ||   117

Table legend:
 A = Spawn XP
 B = Non-spawn XP
 C = Spawn XP percentage of total XP
 D = Spawn monster count
 E = Non-spawn monster count
 F = Spawn count percentage of total count
 G = Total turns spent on level
                    A         B        C        D         E        F      G
               +---------+---------+-------+---------+---------+-------+---------
         Total |       0 |    9623 |   0.0 |       0 |      49 |   0.0 |  1337
               +---------+---------+-------+---------+---------+-------+---------
             D |       0 |    9623 |   0.0 |       0 |      49 |   0.0 |  1337
               +---------+---------+-------+---------+---------+-------+---------
